 Dungeon Crawl Stone Soup version 0.30-a0-857-gcaf70739d4 (webtiles) character file.

Game seed: 5030606017157353118

8138 Grim the Fighter (level 11, -2/104 HPs)
             Began as a Minotaur Berserker on Mar 5, 2023.
             Was an Elder of Trog.
             Slain by a kobold demonologist
             ... wielding a +2 dagger of speed
              (4 damage)
             ... on level 9 of the Dungeon.
             The game lasted 00:19:49 (10434 turns).

Grim the Fighter (Minotaur Berserker)              Turns: 10434, Time: 00:19:49

Health: -2/104     AC: 12    Str: 27    XL:     11   Next: 6%
Magic:  10/10      EV: 12    Int:  4    God:    Trog [****..]
Gold:   588        SH:  0    Dex:  9    Spells: 10/10 levels left

rFire   . . .      SeeInvis .    a - +5 war axe of Stickiness {heavy, rElec}
rCold   . . .      Faith    .    (no shield)
rNeg    . . .      Spirit   .    L - +0 steam dragon scales
rPois   +          Reflect  .    (helmet restricted)
rElec   +          Rampage  .    p - +0 cloak
rCorr   .                        (no gloves)
Will    .....                    (no boots)
Stlth   +                        (no amulet)
HPRegen 0.37/turn                i - +4 ring of protection
MPRegen 0.12/turn                f - ring of poison resistance

@: lethally poisoned (-2 -> -9), on berserk cooldown, slowed, very slow
A: horns 2, retaliatory headbutt
a: Renounce Religion, Berserk, Trog's Hand, Brothers in Arms


You were on level 9 of the Dungeon.
You worshipped Trog.
Trog was greatly pleased with you.
You visited 1 branch of the dungeon, and saw 9 of its levels.
You also visited: Ossuary.

You collected 783 gold pieces.
You spent 195 gold pieces at shops.

Inventory:

Hand Weapons
 a - the +5 war axe of Stickiness (weapon) {heavy, rElec}
   (You bought it in a shop on level 3 of the Dungeon)

   rElec:     It insulates you from electricity.
 b - a +0 arbalest
 s - a +0 hand axe
Armour
 g - a +0 leather armour
 p - a +0 cloak (worn)
 L - +0 steam dragon scales (worn)
Jewellery
 f - a ring of poison resistance (right hand)
 i - a +4 ring of protection (left hand)
 O - a +6 ring of strength
Wands
 A - a wand of charming (6)
 C - a wand of flame (51)
 F - a wand of mindburst (7)
 K - a wand of polymorph (12)
 M - a wand of digging (6)
Scrolls
 c - 2 scrolls of blinking
 d - a scroll of identify
 e - 2 scrolls of enchant weapon
 h - 3 scrolls of vulnerability
 m - 3 scrolls of fear
 n - 2 scrolls of immolation
 o - a scroll of noise
 t - 2 scrolls of fog
 u - 2 scrolls of teleportation
 x - a scroll of magic mapping
 y - 2 scrolls of torment
 z - 2 scrolls of enchant armour
 D - a scroll of amnesia
 H - a scroll of poison
Potions
 j - a potion of berserk rage {unknown}
 k - 2 potions of brilliance
 l - 2 potions of curing
 q - 3 potions of flight
 r - 3 potions of might
 v - a potion of degeneration {unknown}
 w - a potion of magic {unknown}
 B - a potion of resistance {unknown}
 E - a potion of haste {unknown}
 G - a potion of invisibility {unknown}
 I - 2 potions of cancellation {unknown}
 J - a potion of attraction {unknown}
 N - a potion of heal wounds
 P - 3 potions of mutation {unknown}


   Skills:
 - Level 11.8 Fighting
 - Level 10.0 Axes
 - Level 10.0 Ranged Weapons
 * Level 9.8 Armour
 - Level 2.1 Dodging


You had 10 spell levels left.
You didn't know any spells.
Your spell library was empty.

Dungeon Overview and Level Annotations

Branches:
Dungeon (9/15)             Temple (0/1) D:4         Ossuary (visited)
   Lair: D:8-11         Orc: D:9-12

Altars:
Ashenzari
Gozag
Hepliaklqana
Kikubaaqudgha
Qazlal
Ru
Trog
Wu Jian
Xom
Zin

Shops:
D:3 (


Innate Abilities, Weirdness & Mutations

You have a pair of horns on your head.
You reflexively headbutt those who attack you in melee.


Message History

The white imp shouts, "Scamper away, thou froward tip-merry foot-licker!"
The gnoll sergeant hits you with a +2 spear of venom.
* * * LOW HITPOINT WARNING * * *
You barely miss the gnoll sergeant. You headbutt the gnoll sergeant.
The gnoll sergeant is heavily wounded.
You feel sick.
You are no longer poisoned.
The gnoll sergeant hits you but does no damage.
The gnoll sergeant misses you.
You barely miss the gnoll sergeant.
The gnoll sergeant is heavily wounded.
The gnoll sergeant hits you with a +2 spear of venom!
* * * LOW HITPOINT WARNING * * *
You are poisoned.
The gnoll sergeant hits you with a +2 spear of venom!
* * * LOW HITPOINT WARNING * * *
You are more poisoned.
You hit the gnoll sergeant.
The gnoll sergeant is heavily wounded.
You feel extremely sick. The gnoll sergeant closely misses you.
You furiously retaliate!
You headbutt the gnoll sergeant. The gnoll sergeant barely misses you.
The gnoll sergeant hits you with a +2 spear of venom!
* * * LOW HITPOINT WARNING * * *
You are lethally poisoned!
You slice the gnoll sergeant!!
You kill the gnoll sergeant!
Trog accepts your kill.
You can now call in reinforcements.
* * * LOW HITPOINT WARNING * * *
You feel extremely sick.
The kobold demonologist gestures wildly while chanting.
You chop the kobold demonologist into pieces!!!
Your headbutt misses the kobold demonologist.
The kobold demonologist is almost dead.
* * * LOW HITPOINT WARNING * * *
You feel very sick.
The kobold demonologist hits you with a +2 dagger of speed.
* * * LOW HITPOINT WARNING * * *
The kobold demonologist hits you with a +2 dagger of speed.
You die...

..#...)~≈#####≈~~≈h~~~~~5≈....~~≈
..#....~≈≈≈≈≈≈≈≈≈≈≈≈≈≈≈≈≈g..).~≈≈
..#....~~≈~≈~~~~≈5≈~~~~~≈K..§.og~
..#.............)g5K........)....
....#####.#..##.#######....#.#...
..)..####......554..# #....#.#...
.#)....#.....###5##.# #.#. ###...
.#)....#..... #K##.# # #. ####
.##...##.... #@##.# # ..#...#
.... #.##.# ..##.## .... #....#
...#.# ...# #....# #.##'##.#
#....# ###...# #....#
..#._.#..... #....# ###...###...
#....# #### #.##### . #....# #...


You could see an ice devil (summoned), a kobold demonologist, a white imp
(summoned), a shadow imp (summoned) and an ufetubus (summoned).

Vanquished Creatures
  3 two-headed ogres (D:9)
  Joseph (D:7)
  The ghost of
  112233 the Grave Robber, a novice DsNe (D:3)
  2 trolls (D:9)
  A hornet (D:9)
  A wraith (Ossuary)
  A wyvern (D:9)
  A shadow (D:8)
  A steam dragon (D:9)
  Grum (D:8)
  7 wargs (D:9)
  An acid dragon (D:8)
  3 water moccasins
  An ice beast (D:5)
  A black bear (D:5)
  An orc warrior (D:9)
  3 ogres
  A centaur (D:7)
  3 wolves (D:8)
  2 phantoms
  3 kobold brigands
  2 bullfrogs
  2 gnoll sergeants
  An elf zombie (D:4)
  3 scorpions
  2 elf skeletons (D:4)
  3 wights (D:9)
  3 killer bees (D:9)
  7 howler monkeys
  2 hounds
  2 jellies
  3 orc priests (D:9)
  2 gnoll boudas (D:9)
  A human zombie (D:4)
  An iguana (D:5)
  2 sleepcaps
  2 human skeletons (D:4)
  13 orc wizards
  A mummy (Ossuary)
  4 gnolls
  6 adders
  A shadow imp (D:7)
  A white imp (D:6)
  2 dart slugs (D:3)
  17 orcs
  2 ball pythons
  4 endoplasms
  2 giant cockroaches
  7 goblins
  5 hobgoblins
  3 jackals (D:2)
  12 kobolds
  3 quokkas
  5 bats
  2 frilled lizards
  7 gnoll skeletons (Ossuary)
  11 kobold skeletons (Ossuary)
  10 orc skeletons
  2 orc zombies (D:4)
  5 rats
202 creatures vanquished.

Vanquished Creatures (others)
  7 plants
7 creatures vanquished.

Grand Total: 209 creatures vanquished

Notes
Turn   | Place    | Note
-------+----------+-------------------------------------------
     0 | D:1      | Grim the Minotaur Berserker began the quest for the Orb.
     0 | D:1      | Reached XP level 1. HP: 19/19 MP: 0/0
   401 | D:1      | Reached XP level 2. HP: 26/26 MP: 1/1
   985 | D:2      | Reached skill level 1 in Ranged Weapons
   985 | D:2      | Reached XP level 3. HP: 31/31 MP: 2/2
  1168 | D:2      | Reached skill level 5 in Axes
  1489 | D:3      | Noticed a water moccasin
  1495 | D:3      | Killed a water moccasin
  1496 | D:3      | Reached XP level 4. HP: 39/39 MP: 3/3
  1496 | D:3      | Reached XP level 5. HP: 45/45 MP: 4/4
  1685 | D:3      | Found a glowing silver altar of Zin.
  1694 | D:3      | Found a hazy altar of Hepliaklqana.
  1700 | D:3      | Found a stormy altar of Qazlal.
  1744 | D:3      | Reached ** piety under Trog
  1810 | D:3      | Found an ornate altar of the Wu Jian Council.
  2138 | D:3      | Found a bloodstained altar of Trog.
  2294 | D:3      | Found a runed translucent gate.
  2295 | D:3      | Found a runed translucent gate.
  2295 | D:3      | Found an opulent altar of Gozag.
  2296 | D:3      | Found a runed translucent gate.
  2304 | D:3      | Noticed a phantom
  2324 | D:3      | Noticed 112233's ghost (novice DsNe)
  2336 | D:3      | Found Jepponecw's Antique Weapon Shoppe.
  2344 | D:3      | Bought an encrusted war axe for 195 gold pieces
  2344 | D:3      | Identified the +5 war axe of Stickiness {heavy, rElec} (You
                  | bought it in a shop on level 3 of the Dungeon)
  2447 | D:3      | Killed a phantom
  2448 | D:3      | Reached XP level 6. HP: 51/51 MP: 5/5
  2449 | D:3      | Killed 112233's ghost
  2450 | D:3      | Reached XP level 7. HP: 57/57 MP: 6/6
  2759 | D:4      | Found a staircase to the Ecumenical Temple.
  2778 | D:4      | Found a sand-covered staircase.
  2792 | D:4      | Reached skill level 5 in Ranged Weapons
  2795 | Ossuary  | Entered an ossuary
  2795 | Ossuary  | Noticed a wraith
  2795 | Ossuary  | Noticed a wraith
  2795 | Ossuary  | Noticed a wraith
  2907 | Ossuary  | Noticed a wraith
  2934 | Ossuary  | Killed a wraith
  3073 | Ossuary  | Reached *** piety under Trog
  3664 | D:5      | Entered Level 5 of the Dungeon
  3724 | D:5      | Reached XP level 8. HP: 64/64 MP: 7/7
  3725 | D:5      | Reached skill level 10 in Axes
  4039 | D:5      | Found a shimmering altar of Xom.
  4204 | D:5      | Found an ancient bone altar of Kikubaaqudgha.
  5315 | D:7      | HP: 2/64 [centaur/arrow (11)]
  6112 | D:7      | Noticed Joseph
  6141 | D:7      | Killed Joseph
  6142 | D:7      | Reached skill level 10 in Ranged Weapons
  6142 | D:7      | Reached skill level 4 in Fighting
  6142 | D:7      | Reached XP level 9. HP: 72/72 MP: 8/8
  6143 | D:7      | Reached skill level 5 in Fighting
  6839 | D:7      | Reached skill level 6 in Fighting
  7414 | D:8      | Identified the +1 robe of Pandemonium {Dex+2}
  7493 | D:8      | Noticed Grum
  7498 | D:8      | Reached skill level 7 in Fighting
  7502 | D:8      | Killed Grum
  7503 | D:8      | Reached skill level 8 in Fighting
  7505 | D:8      | HP: 5/121 [howler monkey (6)]
  7825 | D:8      | Reached skill level 9 in Fighting
  8283 | D:8      | Found Utzog's Changing Room.
  8494 | D:9      | Reached skill level 10 in Fighting
  8637 | D:9      | Noticed a kobold demonologist
  8658 | D:9      | Reached XP level 10. HP: 90/94 MP: 9/9
  8703 | D:9      | Noticed a two-headed ogre
  8709 | D:9      | Killed a two-headed ogre
  8710 | D:9      | Reached skill level 11 in Fighting
  9247 | D:9      | Found a sacrificial altar of Ru.
  9663 | D:9      | Reached skill level 5 in Armour
  9915 | D:9      | Found a broken altar of Ashenzari.
  9931 | D:9      | Reached **** piety under Trog
 10302 | D:9      | Noticed a two-headed ogre
 10307 | D:9      | Killed a two-headed ogre
 10404 | D:9      | Noticed a soul eater
 10405 | D:9      | Noticed a two-headed ogre
 10419 | D:9      | Killed a two-headed ogre
 10420 | D:9      | Reached XP level 11. HP: 75/104 MP: 10/10
 10434 | D:9      | HP: 3/104 [poisoned by a gnoll sergeant]
 10434 | D:9      | Slain by a kobold demonologist

Illustrated notes

Levels and vault maps discovered:
D:1:      spicycebolla_arrival_ecumenical, layout_basic, minivault_4
D:2:      layout_loops_ring, grunt_ministairs_3, kennysheep_boxes
D:3:      layout_basic, pdpol_wu_jian_five_deadly_venoms,
          mainiacjoe_overflow_paths, minitemple, serial_shops, shop,
          ebering_ghost_gozag
D:4:      layout_loops_ring, minmay_temple_entry_overgrown,
          nicolae_ossuary_entry_catacombs
D:5:      layout_basic, mainiacjoe_overflow_large_starburst, uniq_pikel
D:6:      layout_basic
D:7:      layout_basic, uniq_joseph
D:8:      layout_loops_ring, nicolae_transmutations_shop,
          chequers_decorated_corner, uniq_grum
D:9:      lemuel_castle_with_subvaults [lemuel_castle_interior_carwin_3],
          layout_stronghold, nicolae_ashenzari_panopticon,
          nicolae_ru_awakened_eye

Skill      XL: |  1  2  3  4  5  6  7  8  9 10 |
---------------+-------------------------------+-----
Axes           | 4 6 7 8 9 10 | 10.0
Ranged Weapons | 1 2 3 4 5 10 | 10.0
Fighting       | 4 10 11 | 11.8
Armour         | 9 |  9.8
Dodging        | |  2.1

Action                     |  1- 3 |  4- 6 |  7- 9 | 10-12 || total
---------------------------+-------+-------+-------+-------++-------
  Melee: Hand axe          |    41 |     6 |   130 |       ||   177
         Headbutt          |     8 |     2 |    46 |    22 ||    78
         War axe           |       |     6 |   109 |    87 ||   202
         Punch             |       |       |     3 |     1 ||     4
   Fire: Arbalest          |    35 |    20 |    45 |     5 ||   105
 Invoke: Berserk           |     2 |     1 |     6 |     4 ||    13
         Trog's Hand       |       |     1 |     5 |     1 ||     7
    Use: Potion            |       |       |     6 |       ||     6
         Scroll            |       |       |     1 |    15 ||    16
   Stab: Sleeping          |     1 |       |       |       ||     1
 Armour: Leather armour    |    15 |     6 |    76 |    24 ||   121
         Skin              |       |       |    11 |       ||    11
         Steam dragon scal |       |       |       |    21 ||    21
  Dodge: Dodged            |    26 |    15 |   109 |    66 ||   216

Table legend: (Time is in decaauts)
 A = Elapsed time spent in this place.
 B = Non-inter-level travel time spent in this place.
 C = Inter-level travel time spent in this place.
 D = Time resting spent in this place.
 E = Time spent auto-exploring this place.
 F = Levels seen in this place.
 G = Mean time per level.
                   A        B        C        D        E       F      G
               +--------+--------+--------+--------+--------+-----+--------+
         Total |  10698 |  10395 |    303 |   2997 |   5989 |  10 | 1069.8 |
       Dungeon |  10403 |  10100 |    303 |   2878 |   5894 |   9 | 1155.9 |
       Ossuary |    294 |    294 |      0 |    118 |     95 |   1 |  294.0 |
               +--------+--------+--------+--------+--------+-----+--------+

Top non-repeatable levels by time:
     D:7: 2216 daAuts
     D:9: 1741 daAuts
     D:8: 1357 daAuts
     D:5: 1152 daAuts
     D:3: 1075 daAuts
     D:2: 919 daAuts
     D:4: 854 daAuts
     D:1: 600 daAuts
     D:6: 484 daAuts
 Ossuary: 294 daAuts
